AoeStats
← ivcrk826

Arabia

507442073Analyzed
1v1 RM · 13d ago on Sep 18, 2026· 48m 42s· 2 players
Game mode
Random Map
Map size
Tiny (2 player)
Population
200
Speed
Normal
Resources
Standard
Victory
Conquest
Starting age
Dark Age
Ending age
Imperial Age
RankedLock teamsTeams togetherTeam positionsShared explorationLock speedFull tech treeHidden civsTurbo modeCheats
Victory
Defeat
🇩🇪 Mongols · Germany
1127
+15
🇦🇷 Malians · Argentina
1102
-15
ivcrk826
6:11 Loom
9:36 Feudal Age
13:46 Man-at-Arms
20:21 Double-Bit Axe
24:53 Castle Age
22:56 Fletching
24:14 Scale Mail Armor
24:56 Horse Collar
25:36 Long Swordsman
28:52 Scale Barding Armor
32:51 Bloodlines
32:49 Town Watch
36:25 Chain Barding Armor
37:44 Wheelbarrow
37:12 Husbandry
38:48 Chain Mail Armor
45:06 Imperial Age
42:25 Elite Skirmisher
45:15 Forging
45:28 Elite Gbeto
46:56 Town Patrol
KlausImHaus
5:03 Loom
7:15 Feudal Age
13:43 Double-Bit Axe
20:50 Castle Age
20:02 Forging
20:11 Fletching
20:31 Horse Collar
21:39 Crossbowman
22:50 Bloodlines
22:42 Husbandry
24:12 Scale Barding Armor
24:18 Forging
24:51 Heavy Plow
27:19 Chain Barding Armor
29:09 Wheelbarrow
29:48 Gold Mining
30:56 Stone Mining
32:41 Stone Shaft Mining
33:46 Hand Cart
38:47 Imperial Age
36:23 Bodkin Arrow
36:30 Light Cavalry
38:01 Padded Archer Armor
38:25 Ballistics
39:14 Leather Archer Armor
39:57 Conscription
39:41 Bracer
40:37 Hussar
45:20 Iron Casting
46:14 Chemistry
46:02 Thumb Ring
Connection lost

Rejoining the realm…

Still unreachable

The connection could not be restored.

Session expired

The server has moved on; the page needs a fresh start.